[Event "NJSK 2024 AmBm"]
[Site "Groningen, Netherlands"]
[Date "2024.06.02"]
[Round "6.2"]
[White "Verheij, Dana"]
[Black "Kulikova, Polina"]
[Result "1/2-1/2"]
[TimeControl "90min/40moves + 30min + 30sec/move"]
[WhiteElo "1923"]
[BlackElo "1690"]

1. e4 c6 2. d4 d5 3. exd5 cxd5 4. Nf3 Nc6 5. Ne5 a6 6. c3 Nxe5 7. dxe5 Bf5 8. Be3 e6 9. Nd2 Ne7 10. f4 Nc6 11. Nf3 Be7 12.
Bd3 Bxd3 13. Qxd3 Rc8 14. O-O g6 15. Kh1 O-O 16. Rae1 Qc7 17.
g4 f5 18. exf6 Rxf6 19. f5 gxf5 20. gxf5 Rxf5 21. Rg1+ Kf7 22. Ng5+ Bxg5 23. Rxg5 Ne7 24. Reg1 Qc4 25. Rg7+ Ke8 26.
Qxc4 Rxc4 27. Rxh7 Rf7 28. Rxf7 Kxf7 29. Kg2 Rg4+ 30. Kf3 Rxg1 31. Bxg1 Kf6 32. Bf2 Kf5 33. Be3 e5 34. h4 b5 35.
Bc5 Ng8 36. Be3 Nf6 37. Kg3 Nh5+ 38. Kf3 Nf6 39. Bg5 Nh5 40. Be3 1/2-1/2

[Event "NJSK 2024 AmBm"]
[Site "Groningen, Netherlands"]
[Date "2024.06.02"]
[Round "6.3"]
[White "Knobbe, Elise"]
[Black "Tangarife Ramirez, Katja"]
[Result "0-1"]
[TimeControl "90min/40moves + 30min + 30sec/move"]
[WhiteElo "1785"]
[BlackElo "1742"]

1. e4 e5 2. Nc3 Nf6 3. g3 Bc5 4. Bg2 O-O 5. d3 c6 6. Nge2 d5 7. exd5 cxd5 8. Bg5 Bxf2+ 9. Kxf2 Ng4+ 10.
Kg1 Qxg5 11. h3 Qe3+ 0-1

[Event "NJSK 2024 AmBm"]
[Site "Groningen, Netherlands"]
[Date "2024.06.02"]
[Round "6.4"]
[White "Damen, Josephine"]
[Black "Feng, Elysia"]
[Result "0-1"]
[TimeControl "90min/40moves + 30min + 30sec/move"]
[WhiteElo "1890"]
[BlackElo "1862"]

1. e4 e5 2. Nf3 Nc6 3. Bc4 Bc5 4. c3 Nf6 5. d4 exd4 6. cxd4 Bb4+ 7. Nbd2 Nxe4 8. d5 Ne7 9. O-O Bxd2 10.
Nxd2 Nxd2 11. Bxd2 d6 12. Bc3 O-O 13. Qh5 Bf5 14. Rae1 Bg6 15. Qd1 Nf5 16. g4 Nh6 17. Qd4 f6 18.
h4 Qd7 19. Re6 Bf7 20. Re4 Rae8 21. Rf4 Re5 22. Qxa7 g5 23. Bxe5 gxf4 24. Bxf6 Qxg4+ 25. Kh2 Bg6 26. Qd4 Nf5 27.
Qc3 f3 28. Rg1 Qf4+ 29. Kh3 Ng7 30. Rxg6 hxg6 31. Bxg7 Rf7 32. Bd4 g5 0-1

[Event "NJSK 2024 AmBm"]
[Site "Groningen, Netherlands"]
[Date "2024.06.02"]
[Round "6.5"]
[White "Yildirim, Azra"]
[Black "Basa, Manasvita"]
[Result "0-1"]
[TimeControl "90min/40moves + 30min + 30sec/move"]
[WhiteElo "1597"]
[BlackElo "1829"]

1. e4 e5 2. Bc4 Nc6 3. Nc3 Bc5 4. Nf3 Nf6 5. d3 d6 6. Bg5 h6 7. Bh4 g5 8. Bg3 Na5 9. Bb3 Nxb3 10.
axb3 h5 11. h4 Ng4 12. Qd2 c6 13. d4 exd4 14. Nxd4 Qf6 15. Nf3 gxh4 16. Bxh4 Qh6 17. O-O-O Bxf2 18. Bg5 Be3 19. Bxe3 Qxe3 20.
Qxe3 Nxe3 21. Rd2 Rh6 22. Re2 Ng4 23. Nh4 Ne5 24. Nf5 Bxf5 25. exf5 O-O-O 26. Ne4 d5 27. Ng5 f6 28. Ne6 Rg8 29.
Rhe1 h4 30. Nf4 Rg5 31. Ng6 Nxg6 32. fxg6 Rhxg6 33. Re8+ Kd7 34. Rh8 Rxg2 35. Rxh4 f5 36. Rh7+ Rg7 37. Rh4 Rf7 38. Rf4 Rg4 39.
Ref1 Rxf4 40. Rxf4 Ke6 41. Kd2 Ke5 42. Ke3 Rh7 43. Rf3 Rh4 44. Ke2 d4 45. Kd3 Re4 46. Rh3 Re3+ 47. Rxe3+ dxe3 48.
Kxe3 f4+ 49. Kf3 b5 50. b4 a6 51. c3 Kd5 52. Kxf4 Kc4 53. Ke4 Kb3 54. Kd4 Kxb2 55. Kd3 Kb3 56.
Kd4 Kc2 57. c4 Kb3 58. cxb5 cxb5 59. Kd3 Kxb4 60. Kc2 Ka3 61. Kb1 b4 62. Kc2 b3+ 63. Kc1 Ka2 0-1

[Event "NJSK 2024 AmBm"]
[Site "Groningen, Netherlands"]
[Date "2024.06.02"]
[Round "6.6"]
[White "Oostinga, Elisa"]
[Black "Woldhuis, Thera"]
[Result "1-0"]
[TimeControl "90min/40moves + 30min + 30sec/move"]
[WhiteElo "1713"]
[BlackElo "1662"]

1. e4 e5 2. Nf3 Nc6 3. d4 exd4 4. Nxd4 Bc5 5. Be3 Bb6 6. Bc4 Nge7 7. Nc3 O-O 8. O-O d6 9. h3 Re8 10.
Qd2 Ne5 11. Be2 d5 12. f4 Nc4 13. Bxc4 dxc4 14. Rad1 Nc6 15. Rfe1 Nxd4 16. Bxd4 Bxd4+ 17. Qxd4 Qxd4+ 18. Rxd4 Be6 19.
Red1 f5 20. Nb5 Re7 21. exf5 Bxf5 22. Rxc4 c6 23. Na3 Rae8 24. Rcd4 Re4 25. g4 Rxd4 26. Rxd4 Be6 27. Kf2 b5 28.
b3 a5 29. Nb1 c5 30. Rd6 c4 31. Nd2 cxb3 32. axb3 a4 33. bxa4 bxa4 34. Ra6 Bd7 35. Ra7 Bc6 36. Nc4 Re4 37.
Ne5 Be8 38. Kf3 Rb4 39. Nd3 Bc6+ 40. Ke3 Re4+ 41. Kd2 h6 42. Kc3 Re3 43. h4 Rh3 44. h5 Rg3 45. Kb2 Rxg4 46. Ne5 Bf3 47.
Nxg4 Bxg4 48. Ra5 Kf7 49. Ka3 Bd1 50. c4 g6 51. Ra7+ Kg8 52. hxg6 h5 53. Rh7 Kf8 54. c5 Bf3 55.
Kxa4 h4 56. Rxh4 Bc6+ 57. Ka5 Kg7 58. Kb6 Be4 59. Rg4 Bf5 60. Rg5 Be4 61. c6 Kf6 62. g7 Bd5 63. g8=Q Bxg8 64. Rxg8 Ke6 65.
c7 Ke7 66. c8=Q Kf6 67. Qc6 Kf5 68. Rf8+ Kg4 69. Qg2+ Kh5 70. Rh8+ 1-0

[Event "NJSK 2024 AmBm"]
[Site "Groningen, Netherlands"]
[Date "2024.06.02"]
[Round "6.7"]
[White "Ganeshram, Nirupa"]
[Black "Luijkx, Dagmar"]
[Result "1-0"]
[TimeControl "90min/40moves + 30min + 30sec/move"]
[WhiteElo "1696"]
[BlackElo "1701"]

1. e4 Nc6 2. d4 e5 3. Nf3 exd4 4. Nxd4 Qh4 5. Nc3 Bb4 6. Qd3 Nf6 7. Nxc6 Bxc3+ 8. bxc3 dxc6 9. e5 Nd5 10.
Be2 O-O 11. O-O g6 12. Qd4 Qe7 13. Bh6 Re8 14. f4 f6 15. Bc4 Be6 16. Bxd5 Bxd5 17. exf6 Qf7 18. Rfe1 Rad8 19. Rad1 b6 20.
c4 Rxe1+ 21. Rxe1 c5 22. Qd2 Qxf6 23. cxd5 c6 24. Bg5 Rxd5 25. Qxd5+ cxd5 26. Bxf6 1-0

[Event "NJSK 2024 AmBm"]
[Site "Groningen, Netherlands"]
[Date "2024.06.02"]
[Round "6.8"]
[White "Liu, Chia-Yun"]
[Black "Hagen, Carlijn"]
[Result "1/2-1/2"]
[TimeControl "90min/40moves + 30min + 30sec/move"]
[WhiteElo "1704"]
[BlackElo "1705"]

1. e4 e5 2. Nf3 Nc6 3. d4 exd4 4. Bc4 Be7 5. Nxd4 Ne5 6. Bb3 d6 7. h3 Nf6 8. Nc3 h6 9. O-O O-O 10.
f4 Ng6 11. Kh1 Nh7 12. Qf3 Re8 13. Qg3 Nhf8 14. f5 Bh4 15. Bxf7+ Kxf7 16. fxg6+ Kg8 17. Qf3 Nxg6 18. Qf7+ Kh7 19.
Nf5 Bxf5 20. exf5 Ne5 21. Qh5 c6 22. Ne2 Nf7 23. Nf4 Qf6 24. Qg6+ Kg8 25. Qxf6 Bxf6 26. Ne6 Rac8 27. c3 Nd8 28.
Nxd8 Rcxd8 29. Bf4 Re2 30. Rab1 d5 31. Rfe1 Rde8 32. Bg3 b5 33. Kg1 Kf7 34. Kf1 Rc2 35. Rxe8 Kxe8 36. Re1+ Kd7 37.
Re2 Rc1+ 38. Re1 Rxe1+ 39. Kxe1 a5 1/2-1/2

[Event "NJSK 2024 AmBm"]
[Site "Groningen, Netherlands"]
[Date "2024.05.03"]
[Round "7.1"]
[White "Westerhof, Fleur"]
[Black "Tangarife Ramirez, Katja"]
[Result "1/2-1/2"]
[TimeControl "90min/40moves + 30min + 30sec/move"]
[WhiteElo "1916"]
[BlackElo "1742"]

1. e4 e5 2. Nf3 Nc6 3. Bc4 Bc5 4. c3 Bb6 5. d4 exd4 6. cxd4 Nge7 7. O-O O-O 8. Nc3 d6 9. h3 h6 10.
Be3 Bd7 11. Qd2 Kh7 12. d5 Ne5 13. Nxe5 dxe5 14. Bxb6 axb6 15. d6 1/2-1/2

[Event "NJSK 2024 AmBm"]
[Site "Groningen, Netherlands"]
[Date "2024.05.03"]
[Round "7.2"]
[White "Feng, Elysia"]
[Black "Verheij, Dana"]
[Result "0-1"]
[TimeControl "90min/40moves + 30min + 30sec/move"]
[WhiteElo "1862"]
[BlackElo "1923"]

1. e4 c5 2. Nf3 d6 3. d4 cxd4 4.
Nxd4 Nf6 5. Nc3 Nc6 6. Bg5 e6 7. Qd2 a6 8. f4 h6 9. Bh4 Nxe4 10. Nxe4 Qxh4+ 11. g3 Qd8 12. O-O-O d5 13.
Nc3 Be7 14. Kb1 Bf6 15. Nf3 Qa5 16. Ne2 Qxd2 17. Rxd2 Bd7 18. Bg2 O-O-O 19. Rhd1 Na5 20. Ned4 Nc4 21. Rd3 Kb8 22. Bf1 Rc8 23.
c3 g5 24. Nd2 Nd6 25. Rf3 g4 26. Rd3 h5 27. h4 gxh3 28. Bxh3 Rcg8 29. Rh1 Kc7 30. Rd1 Kb8 31. Rh1 Kc7 32. Re3 Rg7 33. Rf1 Rhg8 34. Rff3 Ne4 35. Nxe4 dxe4 36. Rxe4 Rxg3 37. Ree3 h4 38.
Ne2 Rxf3 39. Rxf3 Bb5 40. Bf1 Bc6 41. Rf2 Rd8 42. Kc1 Kb6 43. Ng1 Be4 44. Nf3 Kc5 45. Ng5 Bxg5 46. fxg5 Bf5 47.
Rh2 h3 48. Rh1 Rg8 49. Bxh3 Bxh3 50. Rxh3 Rxg5 51. Rh7 Rf5 52. Kd2 b5 53. Ke3 Rf1 54. b3 Kd5 55. Rg7 e5 56. Ke2 Rf4 57.
Ke3 f5 58. Ra7 Rh4 59. Rxa6 f4+ 60. Ke2 Ke4 61. a4 Rh2+ 62. Kf1 bxa4 63. Rxa4+ Kd3 64. c4 e4 65. Ra8 f3 66. Rf8 Ke3 67.
Kg1 Rb2 68. c5 Rxb3 69. c6 Rc3 70. Rf6 Kd4 71. Kf2 Kd5 72. Rf5+ Kxc6 73. Re5 Rc4 74. Ke3 Kd6 75. Rf5 Rc5 76.
Rf8 Re5 77. Rd8+ Kc5 78. Rc8+ Kd6 79. Rd8+ Ke6 80. Re8+ Kf5 81. Rf8+ Kg4 82. Rg8+ Kh3 83. Rg7 Re8 84. Rg6 Rf8 85.
Rh6 Kg4 86. Rg6+ Kf5 87. Rg7 Ke6 88. Kf2 e3+ 0-1

[Event "NJSK 2024 AmBm"]
[Site "Groningen, Netherlands"]
[Date "2024.05.03"]
[Round "7.3"]
[White "Kulikova, Polina"]
[Black "Gergin, Isafara"]
[Result "1/2-1/2"]
[TimeControl "90min/40moves + 30min + 30sec/move"]
[WhiteElo "1690"]
[BlackElo "1888"]

1. d4 Nf6 2. c4 g6 3. Nc3 Bg7 4. e4 d6 5. h3 O-O 6. Be3 Nbd7 7. g4 c5 8. Nf3 a6 9.
Qd2 cxd4 10. Nxd4 Nc5 11. Bg2 Qc7 12. Rc1 Ne6 13. Nd5 Qd8 14. O-O Rb8 15. Rfd1 Nxd5 16. Nxe6 Bxe6 17. cxd5 Bd7 18. Bd4 Bxd4 19. Qxd4 Qa5 20. a3 b5 21. b4 Qa4 22. Rd3 Rbc8 23. Rdc3 Rc4 24. Rxc4 bxc4 25. Rc3 a5 26. Qxc4 axb4 27. Qxb4 Qd1+ 28. Bf1 h5 29. gxh5 Qxh5 30. Qb7 Rd8 31.
Qb6 Re8 32. Qa7 Bc8 33. Qb8 Bd7 34. Qb7 Rd8 35. Rg3 Kf8 36. Qb4 Qe5 37. a4 Qa1 38. a5 Rc8 39. Ra3 Qd1 40. Rc3 Rxc3 41.
Qxc3 f6 42. Qd3 Qa1 43. a6 Kf7 44. Kg2 Bc8 45. Qc4 Bd7 46. Be2 Qa3 47. f3 Qe3 48. h4 Qa7 49. Qd3 Bc8 50. Kf1 Bh3+ 51.
Ke1 Bc8 52. Kd2 Qb6 53. Qc4 Qb2+ 54. Ke3 Qb6+ 55. Qd4 Qb3+ 56. Kf2 Bxa6 1/2-1/2

[Event "NJSK 2024 AmBm"]
[Site "Groningen, Netherlands"]
[Date "2024.05.03"]
[Round "7.4"]
[White "Knobbe, Elise"]
[Black "Damen, Josephine"]
[Result "0-1"]
[TimeControl "90min/40moves + 30min + 30sec/move"]
[WhiteElo "1785"]
[BlackElo "1890"]

1. e4 e5 2. Nc3 Nf6 3. g3 d5 4. exd5 Nxd5 5. Bg2 Nxc3 6. bxc3 Bd6 7. Nf3 O-O 8. O-O Nc6 9. d3 Bg4 10.
h3 Bh5 11. Qe1 f5 12. Nd2 Qd7 13. Nc4 Rae8 14. Qd2 f4 15. Nxd6 cxd6 16.
gxf4 exf4 17. f3 Ne5 18. Qf2 Re6 19. Qh4 Rh6 20. d4 Bxf3 0-1

[Event "NJSK 2024 AmBm"]
[Site "Groningen, Netherlands"]
[Date "2024.05.03"]
[Round "7.5"]
[White "Basa, Manasvita"]
[Black "Oostinga, Elisa"]
[Result "1-0"]
[TimeControl "90min/40moves + 30min + 30sec/move"]
[WhiteElo "1829"]
[BlackElo "1713"]

1. e4 c6 2. d4 d5 3. f3 e6 4.
Bf4 Nf6 5. Nc3 Be7 6. Qd2 a6 7. Be2 O-O 8. g4 c5 9.
dxc5 Bxc5 10. g5 Nh5 11. exd5 Nxf4 12. Qxf4 exd5 13. O-O-O d4 14. Ne4 Bb6 15. Nf6+ Kh8 16. Bd3 Nd7 17. Nxh7 Bc5 18. Nxf8 Nxf8 19. h4 Be6 20. h5 Rc8 21.
h6 g6 22. Qe5+ 1-0

[Event "NJSK 2024 AmBm"]
[Site "Groningen, Netherlands"]
[Date "2024.05.03"]
[Round "7.6"]
[White "Liu, Chia-Yun"]
[Black "Ganeshram, Nirupa"]
[Result "1/2-1/2"]
[TimeControl "90min/40moves + 30min + 30sec/move"]
[WhiteElo "1704"]
[BlackElo "1696"]

1. e4 c5 2. Nf3 d6 3. d4 cxd4 4. Nxd4 Nf6 5. Nc3 g6 6. Be3 Nc6 7. f3 Bg7 8. Qd2 O-O 9. g4 e6 10. O-O-O d5 11. exd5 Nxd5 12. Nxd5 Qxd5 13. Nxc6 bxc6 14. Qxd5 cxd5 15. h4 Bb7 16. Be2 a5 17. Rhe1 Rfb8 18. c3 a4 19. Bd4 e5 20. Bc5 Rc8 21. Bb4 Rab8 22. a3 d4 23. Kc2 Bd5 24. Kb1 e4 25.
cxd4 Bb3 26. Rd2 e3 27. Rdd1 Bc2+ 28. Ka2 Bxd1 29. Bxd1 Bxd4 30. Bxa4 Ra8 31. Bb3 Re8 32. Kb1 Rac8 33.
Bd5 Rc7 34. Be4 Rec8 35. Bd6 Rc4 36. Bf4 Kg7 37. Bxe3 Bxe3 38. Rxe3 Rc1+ 39. Ka2 Rh1 40. b4 Re8 41. Rc3 Rxh4 42.
b5 Rb8 43. a4 f5 44. gxf5 gxf5 45. Bxf5 Rxa4+ 46. Kb3 Rxb5+ 47. Kxa4 Rxf5 48. Kb3 h5 49. Kc2 h4 50. Kd2 Kg6 51.
Ke2 Kg5 52. Kf2 Ra5 53. Kg2 Rb5 1/2-1/2

[Event "NJSK 2024 AmBm"]
[Site "Groningen, Netherlands"]
[Date "2024.05.03"]
[Round "7.7"]
[White "Woldhuis, Thera"]
[Black "Yildirim, Azra"]
[Result "1-0"]
[TimeControl "90min/40moves + 30min + 30sec/move"]
[WhiteElo "1662"]
[BlackElo "1597"]

1. e4 e5 2. Nf3 Nc6 3. Bc4 Nf6 4. Ng5 d5 5. exd5 Na5 6. Bb5+ Bd7 7. Qe2 Bd6 8. d4 Bxb5 9. Qxb5+ c6 10. dxc6 bxc6 11. Qa4 O-O 12. O-O exd4 13. Bd2 Bc7 14. c3 Qd5 15. cxd4 Nc4 16. Bc1 Nxb2 17. Qc2 Nc4 18. Nc3 Qxd4 19. Rd1 Rfe8 20. g3 Qg4 21. Kg2 h6 22. Nf3 Ne5 23. Nxe5 Bxe5 24. Bb2 Qc4 25. Rac1 Rad8 26. Re1 Ng4 27. Re4 Qe6 28. f4 Qf5 29. fxe5 Rxe5 30. Rxe5 Qxe5 31. Nd1 Qd5+ 32. Kg1 Qf3 33. Bc3 Kf8 34. Bb4+ Kg8 35. Bc5 a6 36. Rb1 g6 37. Nf2 Ne5 38. Rb3 Qd5 39. Ne4 Qe6 40. Nd6 Qg4 41. Qf2 Qg5 42. Re3 Rd7 43. Ne4 Qh5 44. Nf6+ 1-0

[Event "NJSK 2024 AmBm"]
[Site "Groningen, Netherlands"]
[Date "2024.05.03"]
[Round "7.8"]
[White "Hagen, Carlijn"]
[Black "Van Apeldoorn, Vera"]
[Result "1/2-1/2"]
[TimeControl "90min/40moves + 30min + 30sec/move"]
[WhiteElo "1705"]
[BlackElo "1601"]

1. e4 e5 2. f4 d5 3. exd5 exf4 4. Nf3 Nf6 5. c4 c6 6. dxc6 Nxc6 7. d4 Bg4 8. d5 Ne5 9. Qe2 Bd6 10. c5 Qa5+ 11. Nc3 Qxc5 12. Bxf4 Bxf3 13. Qb5+ Qxb5 14. Bxb5+ Nfd7 15. Bxd7+ Kxd7 16. Bxe5 Bxe5 17. gxf3 Rhe8 18. Kd2 Bf4+ 19. Kc2 Rac8 20. Rae1 Rxe1 21. Rxe1 Re8 22. Rxe8 Kxe8 23. h3 g5 24. Kd3 f5 25. Nb5 Be5 26. Nd4 Bxd4 27. Kxd4 h5 28. Ke5 g4 29. fxg4 hxg4 30. hxg4 fxg4 31. Kf4 Kd7 32. Kxg4 Kd6 33. Kf4 Kxd5 34. Ke3 Kc4 35. Kd2 a5 36. Kc2 b5 37. b3+ 1/2-1/2

[ePGN "0.1;DGT LiveChess/2.2.6"]

[Event "NJSK 2024 Cm"]
[Site "Groningen, Netherlands"]
[Date "2024.04.27"]
[Round "1.1"]
[White "Barbier, Emma"]
[Black "Roebers, Bregje"]
[Result "0-1"]
[TimeControl "90min/40moves + 30min + 30sec/move"]
[WhiteElo "1473"]
[BlackElo "1829"]

1. e4 d6 2. Nf3 Nf6 3. Nc3 g6 4.
d3 Bg7 5. Be2 O-O 6. O-O Nc6 7. Be3 h6 8. h3 Nd7 9. Qd2 Kh7 10. Rad1 f5 11. Rfe1 e5 12. a3 f4 13. Bxf4 exf4 14.
b4 Nde5 15. d4 Nxf3+ 16. Bxf3 Nxd4 17. Qd3 Be5 18. Qc4 Nxf3+ 19. gxf3 Bxh3 20. Kh1 Qg5 21. Rg1 Qh5 22. Rg2 Be6+ 23.
Rh2 Qxf3+ 24. Rg2 Bxc4 0-1

[Event "NJSK 2024 Cm"]
[Site "Groningen, Netherlands"]
[Date "2024.04.27"]
[Round "1.2"]
[White "Jorritsma, Eli Alia"]
[Black "Vermeulen, Ilona"]
[Result "1-0"]
[TimeControl "90min/40moves + 30min + 30sec/move"]
[WhiteElo "1777"]
[BlackElo "1427"]

1. d4 d5 2. Nf3 e6 3. g3 c5 4. Bg2 Nc6 5. O-O Nf6 6. c4 dxc4 7. dxc5 Qxd1 8. Rxd1 Bxc5 9. Nbd2 b5 10.
Ne5 Bd7 11. Nxc6 Rc8 12. Ne5 Bd6 13. Nxd7 Kxd7 14. Ne4 Nxe4 15. Bxe4 Ke7 16. Be3 Bc5 17. Bxc5+ Rxc5 18. Rd2 f5 19.
Bg2 Rd8 20. Rxd8 Kxd8 21. Rd1+ Ke7 22. f4 c3 23. bxc3 Rxc3 24.
Rd2 Kf6 25. Kf2 a5 26. Rd6 Ke7 27. Ra6 Ra3 28. Bc6 b4 29. Bb5 Rxa2 30. Bc4 Ra3 31. Bxe6 g6 32. Bc4 b3 33. Rb6 Ra4 34.
Bxb3 Rb4 35. Rxb4 axb4 36. Ke3 Kf6 37. Kd4 h5 38. Kc5 g5 39. e3 g4 40. Kxb4 Kg6 41. Kc5 Kg7 42. Kd6 Kf6 43.
Kd5 Kf7 44. Ke5+ Kg6 45. Bc2 h4 46. Bxf5+ Kh5 47. Kf6 Kh6 48. e4 h3 49. e5 Kh5 50. e6 Kh6 51. e7 Kh5 52. e8=R Kh6 53. Rh8 1-0

[Event "NJSK 2024 Cm"]
[Site "Groningen, Netherlands"]
[Date "2024.04.27"]
[Round "1.3"]
[White "Esvelt, Klio"]
[Black "Luong, Thao"]
[Result "0-1"]
[TimeControl "90min/40moves + 30min + 30sec/move"]
[WhiteElo "1353"]
[BlackElo "1687"]

1. e4 e5 2. Nf3 Nc6 3. d4 exd4 4.
Nxd4 Bc5 5. Be3 Bb6 6. Bc4 Nge7 7. Nc3 O-O 8. Qd2 d6 9. O-O-O Nxd4 10. Bxd4 Be6 11. Bxe6 fxe6 12. Rhe1 e5 13.
Be3 Qd7 14. Kb1 Rad8 15. g3 Kh8 16. h4 c5 17. Nd5 Nxd5 18. exd5 h6 19. f4 Rde8 20. fxe5 Rxe5 21. Bf4 Rh5 22.
Re6 Bc7 23. Rde1 Rhf5 24. Re7 Qc8 25. Bxh6 R5f7 26. a3 Qf5 27. Bf4 Bd8 28. Rxf7 Rxf7 29. Bxd6 Rd7 30. Bxc5 Rxd5 31. Bd4 Bf6 32.
Re8+ Kh7 33. Rf8 Qe4 34. Rf7 Rxd4 35. Qa5 Rd1+ 36. Ka2 Qc4+ 37. b3 Qxc2# 0-1

[Event "NJSK 2024 Cm"]
[Site "Groningen, Netherlands"]
[Date "2024.04.27"]
[Round "1.4"]
[White "Hardeman, Imara"]
[Black "Zhang, Jinchen"]
[Result "1/2-1/2"]
[TimeControl "90min/40moves + 30min + 30sec/move"]
[WhiteElo "1676"]
[BlackElo "1348"]

1. e4 c5 2. c3 g6 3. d4 cxd4 4. cxd4 Bg7 5. Nc3 e6 6. Nf3 Ne7 7. Be3 d6 8. Bb5+ Bd7 9. Bxd7+ Qxd7 10.
O-O O-O 11. Rc1 Nbc6 12. Qe2 b6 13. Rfd1 d5 14. e5 Rfb8 15. Nb5 a6 16. Nd6 Nc8 17. Nxc8 Rxc8 18. Qd2 Qd8 19. Rc2 Rc7 20.
Rdc1 Rac8 21. Rc3 Qe8 22. R1c2 Qd7 23. a3 Ne7 24. Qc1 Rxc3 25. Rxc3 Rxc3 26. Qxc3 Qc6 27. Qb3 b5 28. h3 Qc4 29.
Qd1 Qc8 30. Bd2 Qc7 31. Bb4 Nc6 32. Bc5 Nd8 33. Nd2 a5 34. Nf3 Nb7 35. b4 a4 36. Kf1 1/2-1/2

[Event "NJSK 2024 Cm"]
[Site "Groningen, Netherlands"]
[Date "2024.04.27"]
[Round "1.5"]
[White "Regterschot, Frederieke"]
[Black "Elangkumaran, Anumitra"]
[Result "0-1"]
[TimeControl "90min/40moves + 30min + 30sec/move"]
[WhiteElo "1292"]
[BlackElo "1605"]

1. e4 e5 2. Nf3 Nc6 3. Bc4 Bc5 4. d3 Nf6 5. Nc3 h6 6. Bd2 d6 7. h3 O-O 8. O-O Be6 9. Bxe6 fxe6 10.
a3 a5 11. Ne2 Nh5 12. c3 Nf4 13. Nxf4 exf4 14. Qb3 Qc8 15. d4 Bb6 16. d5 exd5 17. Qxd5+ Kh8 18. Rfe1 Ne7 19. Qh5 Qe6 20.
e5 Rf5 21. Qh4 Ng6 22. Qg4 h5 23. Ng5 hxg4 24. Nxe6 Nxe5 25. Nxf4 g3 26. Be3 gxf2+ 27. Bxf2 Bxf2+ 28. Kxf2 Rxf4+ 29. Kg3 Raf8 30. Re2 b6 31. Rd1 R8f6 32. b3 Kh7 33. Rd5 c6 34. Rxd6 Rxd6 35. Kxf4 Ng6+ 36. Kf5 Rd5+ 37. Kg4 Rd3 38.
Rc2 b5 39. h4 Ne7 40. a4 Nd5 41. Rc1 Rxc3 42. Rxc3 Nxc3 43. axb5 cxb5 44. Kf4 a4 45. bxa4 bxa4 46. g4 a3 47.
g5 a2 48. h5 a1=Q 49. g6+ Kh6 50. Kg4 Qg1+ 51. Kh3 Qg5 52. Kh2 Ne2 53. Kh1 Qg1# 0-1

[Event "NJSK 2024 Cm"]
[Site "Groningen, Netherlands"]
[Date "2024.04.27"]
[Round "1.6"]
[White "Ganeshram, Niranjana"]
[Black "Jermin, Ayleanna"]
[Result "1-0"]
[TimeControl "90min/40moves + 30min + 30sec/move"]
[WhiteElo "1566"]
[BlackElo "1249"]

1. e4 e6 2. d4 c5 3. Nf3 Nf6 4. e5 Ng8 5. Be3 Qb6 6. b3 Nc6 7. Nbd2 cxd4 8. Nc4 Bb4+ 9. Bd2 Bxd2+ 10. Nfxd2 Qc5 11. Nd6+ Kf8 12. f4 g5 13. Qh5 Nxe5 14. fxe5 Qxe5+ 15. N2e4 Qa5+ 16. c3 Nh6 17. Qxh6+ Ke7 18.
Qf6+ Kf8 19. Qxf7# 1-0

[Event "NJSK 2024 Cm"]
[Site "Groningen, Netherlands"]
[Date "2024.04.27"]
[Round "1.7"]
[White "Schipper, Sarah"]
[Black "Koorevaar, Sarah-Joy"]
[Result "0-1"]
[TimeControl "90min/40moves + 30min + 30sec/move"]
[WhiteElo "1238"]
[BlackElo "1544"]

1. e4 c5 2. Nc3 e6 3. g3 Nc6 4. Nf3 Qc7 5. d3 a6 6. Bg2 b5 7. a3 Bb7 8. O-O Rc8 9. Re1 d6 10.
Rb1 Be7 11. b4 Bf6 12. Ne2 cxb4 13. axb4 Na7 14. Nfd4 Ne7 15. Rb3 e5 16. Nf3 Qxc2 17. Qxc2 Rxc2 18. Rb2 Rxb2 19. Bxb2 Nac6 20.
Bc3 O-O 21. d4 Rc8 22. Rb1 exd4 23. Nfxd4 Nxd4 24. Bxd4 Bxd4 25. Nxd4 g6 26. e5 d5 27. Ne2 Rd8 28. h4 Rd7 29.
Bh3 Rd8 30. Rd1 Nc6 31. Rb1 Nxe5 32. Bg2 Bc8 33. Nd4 Rd6 34. Rc1 Bd7 35. Rc2 Nd3 36. Rd2 Nxb4 37. Nb3 Be6 38. Rd1 Nc6 39.
Nc5 a5 40. Rb1 b4 41. Rb2 Kf8 42. f4 Ke7 43. Kf2 Rd8 44. Ke2 Rb8 45. Kd3 Kd6 46. Nb3 a4 47. Na1 a3 48. Rb1 Bf5+ 49.
Be4 Bxe4+ 50. Kd2 Bxb1 51. Kc1 a2 52. Kb2 d4 53. Kc1 d3 54. Kd1 b3 55. Kd2 b2 56. Nc2 a1=Q 57. Nxa1 bxa1=Q 58. Ke3 d2 59. Kxd2 Rb3 60. Ke2 Bf5 61. Kf2 Qa2+ 62.
Kg1 Rb1# 0-1

[Event "NJSK 2024 Cm"]
[Site "Groningen, Netherlands"]
[Date "2024.04.28"]
[Round "2.1"]
[White "Roebers, Bregje"]
[Black "Elangkumaran, Anumitra"]
[Result "1-0"]
[TimeControl "90min/40moves + 30min + 30sec/move"]
[WhiteElo "1829"]
[BlackElo "1605"]

1. e4 e5 2. Nc3 Nf6 3. f4 Nc6 4. fxe5 Nxe5 5. d4 Nc6 6. Nf3 d5 7. e5 Ne4 8. Bd3 Nxc3 9. bxc3 Be7 10.
O-O O-O 11. Qe1 Bg4 12. Qg3 Qd7 13. Nh4 Bxh4 14. Qxh4 h5 15. h3 Qe7 16. Bg5 Qe6 17. hxg4 Qxg4 18. Qxg4 hxg4 19. Rf4 Rfe8 20.
Raf1 Rf8 21. Rxg4 Nd8 22. Bf6 Ne6 23. Bf5 Rfe8 24. Bxe6 Rxe6 25. Rxg7+ Kf8 26. Rh7 Rxf6 27. Rxf6 c6 28.
Rh8+ Ke7 29. Rxa8 a6 30. Ra7 a5 31. Rxb7+ Ke8 32. Rfxf7 c5 33. Rh7 cxd4 34. Rh8# 1-0

[Event "NJSK 2024 Cm"]
[Site "Groningen, Netherlands"]
[Date "2024.04.28"]
[Round "2.2"]
[White "Koorevaar, Sarah-Joy"]
[Black "Jorritsma, Eli Alia"]
[Result "0-1"]
[TimeControl "90min/40moves + 30min + 30sec/move"]
[WhiteElo "1544"]
[BlackElo "1777"]

1. d4 g6 2. e4 Bg7 3. Nc3 d6 4.
Be3 Nd7 5. h4 h6 6. f3 a6 7. Qd2 b5 8. O-O-O Bb7 9.
Bd3 c5 10. dxc5 Nxc5 11. Bxc5 dxc5 12. Qf4 Qb8 13. Nh3 Qxf4+ 14. Nxf4 Bxc3 15. bxc3 Nf6 16. Bf1 Rd8 17. Rxd8+ Kxd8 18. c4 b4 19. Nd5 Nxd5 20. cxd5 Kc7 21.
Bc4 f6 22. f4 Rd8 23. Rd1 e6 24. g3 exd5 25. exd5 Rd6 26. Rd3 Kd7 27. Kd2 Ke7 28. g4 Kf7 29. f5 g5 30. hxg5 fxg5 31.
Re3 Bc8 32. Kd3 Bd7 33. Bb3 Bb5+ 34. Bc4 Rxd5+ 0-1

[Event "NJSK 2024 Cm"]
[Site "Groningen, Netherlands"]
[Date "2024.04.28"]
[Round "2.3"]
[White "Luong, Thao"]
[Black "Ganeshram, Niranjana"]
[Result "1-0"]
[TimeControl "90min/40moves + 30min + 30sec/move"]
[WhiteElo "1687"]
[BlackElo "1566"]

1. e4 e5 2. Nf3 Nc6 3. Bc4 Bc5 4.
c3 Nf6 5. d4 exd4 6. cxd4 Bb4+ 7. Nc3 Nxe4 8. O-O Nxc3 9. bxc3 d5 10. cxb4 dxc4 11. Re1+ Ne7 12. Ba3 O-O 13. b5 Re8 14.
Qe2 Be6 15. Ng5 Ng6 16. Nxe6 Rxe6 17. Qxc4 Rf6 18. Re4 a6 19. Rae1 axb5 20. Qxb5 Re6 21. Rxe6 fxe6 22. Rxe6 Rxa3 23.
Re8+ Qxe8 24. Qxe8+ Nf8 25. Qb5 Ra7 26. Qc4+ Kh8 27. Qf7 Ra8 28. h3 h6 29. Qxc7 Kh7 30. Qxb7 Rd8 31. d5 Ng6 32.
g3 Rd6 33. a4 Ne5 34. a5 Rd8 35. d6 Rxd6 36. a6 Rd7 37. Qb6 Nf3+ 38. Kf1 Rd2 39. Qb1+ Kh8 40. a7 Rd8 41. Qb8 Nd2+ 42.
Ke2 Rxb8 43. axb8=Q+ Kh7 44. Kxd2 g6 45. Qc7+ Kg8 46. Qe7 g5 47. Ke3 g4 48. hxg4 h5 49.
gxh5 Kh8 50. h6 1-0

[Event "NJSK 2024 Cm"]
[Site "Groningen, Netherlands"]
[Date "2024.04.28"]
[Round "2.4"]
[White "Barbier, Emma"]
[Black "Hardeman, Imara"]
[Result "0-1"]
[TimeControl "90min/40moves + 30min + 30sec/move"]
[WhiteElo "1473"]
[BlackElo "1676"]

1. e4 d5 2. Nc3 d4 3. Nce2 e5 4. Nf3 Nc6 5. Ng3 a6 6. h3 Be6 7. Be2 Be7 8. d3 Bb4+ 9. Bd2 Bxd2+ 10. Qxd2 Nge7 11. O-O O-O 12. a3 Ng6 13. Rac1 Nce7 14. Qa5 b6 15. Qd2 c5 16. c3 Rc8 17. Ng5 Bd7 18. c4 Nf4 19.
b3 Neg6 20. a4 Qxg5 21. Qb2 Nxe2+ 22. Qxe2 Nf4 23. Qf3 Qf6 24. Kh2 Rfe8 25. Ra1 a5 26. Rad1 Qh4 27. Nf5 Bxf5 28. exf5 Qh5 29.
Qe4 Qg5 30. Rg1 Nh5 31. Rde1 Nf6 32. Qf3 Nd7 33. Re2 Qf4+ 34. Qxf4 exf4 35. Rge1 Nf6 36. g4 fxg3+ 37. fxg3 Rxe2+ 38. Rxe2 Re8 39. Rf2 Nd7 40. g4 Ne5 41.
Rd2 Nf3+ 0-1

[Event "NJSK 2024 Cm"]
[Site "Groningen, Netherlands"]
[Date "2024.04.28"]
[Round "2.5"]
[White "Zhang, Jinchen"]
[Black "Esvelt, Klio"]
[Result "1/2-1/2"]
[TimeControl "90min/40moves + 30min + 30sec/move"]
[WhiteElo "1348"]
[BlackElo "1353"]

1. d4 d5 2. c4 c6 3. Nc3 Nf6 4. Nf3 Bf5 5. Bf4 Nbd7 6. e3 e6 7. a3 Nb6 8. b3 Ne4 9. Nxe4 Bxe4 10.
Bd3 Bxd3 11. Qxd3 Be7 12. h4 a5 13. Bg3 a4 14. c5 Nd7 15. b4 Nf6 16. Ne5 Ne4 17. Nf3 b5 18. Nd2 f5 19.
Nxe4 fxe4 20. Qe2 O-O 21. Qg4 Rf6 22. h5 Qd7 23. Be5 Raf8 24. Bxf6 Bxf6 25. O-O-O Qe7 26. f4 exf3 27. gxf3 e5 28.
Qg1 Bg5 29. dxe5 Rxf3 30. Kb1 Qxe5 31. Qg4 Rf8 32. Rhf1 Bf6 33. Qd4 Qxh5 34. Qd2 Qe5 35. Qd4 Qh5 36. Qd3 Qe5 1/2-1/2